 Dungeon Crawl Stone Soup version 0.18.1-48-g4cf74bf (webtiles) character file.

81 Heedrag the Cutter (level 4, -1/29 HPs)
             Began as a Kobold Berserker on Aug 1, 2016.
             Was a Believer of Trog.
             Slain by WarriorsX's ghost (4 damage)
             ... on level 3 of the Dungeon.
             The game lasted 00:03:18 (1875 turns).

Heedrag the Cutter (Kobold Berserker)               Turns: 1875, Time: 00:03:19

Health: -1/29      AC:  7    Str: 16    XL:     4   Next: 68%
Magic:  4/4        EV: 16    Int:  5    God:    Trog [**....]
Gold:   97         SH:  0    Dex: 15    Spells: 0 memorised, 3 levels left

rFire  . . .     SeeInvis .     a - +0 short sword
rCold  . . .     Gourm    .     b - +0 animal skin
rNeg   . . .     Faith    .     (shield restricted)
rPois  .         Spirit   .     e - +2 hat
rElec  .         Dismiss  .     g - +2 cloak
rCorr  .         Reflect  .     (no gloves)
SustAt .         Harm     .     (no boots)
MR     .....                    (no amulet)
Stlth  ++........               (no ring)
                                h - ring of stealth

@: confused, not resistant to hostile enchantments, unstealthy
A: carnivore 3
a: Berserk, Trog's Hand, Burn Spellbooks, Renounce Religion


You were on level 3 of the Dungeon.
You worshipped Trog.
Trog was pleased with you.
You were very full.

You visited 1 branch of the dungeon, and saw 3 of its levels.

You collected 97 gold pieces.

Inventory:

Hand Weapons
 a - a +0 short sword (weapon)
Armour
 b - a +0 animal skin (worn)
 e - a +2 hat (worn)
 g - a +2 cloak (worn)
Jewellery
 h - a ring of stealth (left hand)
Scrolls
 d - 5 scrolls of identify {unknown}
 j - 3 scrolls of teleportation {unknown}
 m - 3 scrolls of immolation {unknown}
 n - a scroll of random uselessness {unknown}
 o - a scroll of enchant armour {unknown}
Potions
 i - 2 potions of brilliance {unknown}
 k - a potion of resistance {unknown}
 l - a potion of flight {unknown}
Comestibles
 c - 4 meat rations
 f - a beef jerky
 p - a slice of pizza
 q - a chunk of flesh


   Skills:
 + Level 3.7 Fighting
 * Level 4.7 Short Blades
 + Level 2.2 Armour
 * Level 3.9 Dodging


You had 3 spell levels left.
You didn't know any spells.

Dungeon Overview and Level Annotations

Branches:
Dungeon (3/15)

Altars:
Sif Muna
Xom
Yredelemnul

Annotations:
D:3 WarriorsX's ghost, amateur HuFi


Innate Abilities, Weirdness & Mutations

You are small and have problems with some larger weapons.
You are carnivorous and can eat meat at any time.


Message History

WarriorsX's ghost turns its malevolent gaze towards ye.
Tha orc wizard looks bra'er fer a momn't.
Ye bump inta tha rock wall.
Tha orc wizard gestures at ye while chantin'.
Tha magic dart hits ye!
Ye bump inta tha rock wall.
Yer too confused!
Yer too confused!
Yer too confused!
Yer too confused!
Tha orc wizard looks bra'er fer a momn't.
Ye bump inta tha rock wall.
Ye hit WarriorsX's ghost.
WarriorsX's ghost be lightly damaged.
WarriorsX's ghost hits ye!
* * * LOW HITPOINT WARNIN'
* * * Yer too confused ta move!
WarriorsX's ghost hits ye.
* * * LOW HITPOINT WARNIN'
* * * Ye bump inta tha rock wall.
WarriorsX's ghost hits ye.
Ye die...

..####........##.. #.
#...#........##..
##.###...#........##..
.........'........+...
..##...##........####
###.##........#
##...#############
#W._..#..<....#...
#@8.8.#.....#....♣
###'###.....#.#.≈≈
#...##.....#'#♣♣≈
#...##.......♣ ≈P
#≈≈≈##......♣♣♣≈≈
#oo.##......♣ P≈≈
######.....♣♣♣P≈≈
........♣♣PP≈≈≈
........♣♣PP≈≈≈


You could see WarriorsX's ghost.

Vanquished Creatures
  4 adders (D:2)
  A worm (D:2)
  2 ball pythons (D:2)
  3 giant cockroaches
  7 goblins
  6 hobgoblins
  2 jackals (D:1)
  6 kobolds
  A bat (D:2)
  3 giant newts
  4 rats
  A spectral orc (D:2)
40 creatures vanquished.

Notes
Turn   | Place    | Note
--------------------------------------------------------------
     0 | D:1      | Heedrag the Kobold Berserker began the quest for the Orb.
     0 | D:1      | Reached XP level 1. HP: 14/14 MP: 1/1
   214 | D:1      | Reached XP level 2. HP: 12/19 MP: 2/2
   701 | D:2      | Reached XP level 3. HP: 22/23 MP: 3/3
   819 | D:2      | Reached ** piety under Trog
   988 | D:2      | Found a basalt altar of Yredelemnul.
  1102 | D:2      | Reached XP level 4. HP: 14/28 MP: 4/4
  1777 | D:3      | Found a shimmering altar of Xom.
  1849 | D:3      | Found a faded altar to an unknown god.
  1851 | D:3      | Found a deep blue altar of Sif Muna.
  1859 | D:3      | Noticed WarriorsX's ghost (amateur HuFi)
  1875 | D:3      | Slain by WarriorsX's ghost

Skill      XL: |  1  2  3 |
---------------+----------+-----
Dodging        | 3 |  3.9
Armour         | 2 |  2.2
Fighting       | |  3.7
Short Blades   | |  4.7

Action                   |  1- 3 |  4- 6 || total
-------------------------+-------+-------++-------
Melee: Short sword       |    82 |    53 ||   135
Invok: Berserk           |     1 |     1 ||     2
 Stab: Sleeping          |     1 |     2 ||     3
  Eat: Chunk             |    10 |     3 ||    13
Armor: Animal skin       |    16 |    10 ||    26
Dodge: Dodged            |    51 |    34 ||    85
